 Dungeon Crawl Stone Soup version 0.30-a0-305-g026cb31310 (webtiles) character file.

Game seed: 11101148547349088416

183 mopl the Sneak (level 5, -3/34 (36) HPs)
             Began as an Octopode Brigand on Oct 20, 2022.
             Slain by a wight
             ... wielding a +0 battleaxe
              (17 damage)
             ... on level 4 of the Dungeon on Oct 21, 2022.
             The game lasted 00:03:17 (1880 turns).

mopl the Sneak (Octopode Brigand)                   Turns: 1880, Time: 00:03:18

HP:   -3/34 (36)    AC:  1    Str: 11    XL:     5   Next: 62%
MP:   5/5           EV: 13    Int: 15    God:
Gold: 233           SH:  0    Dex: 13    Spells: 4/4 levels left

rFire   . . .      SeeInvis .    a - +2 dagger
rCold   . . .      Faith    .    (no shield)
rNeg    . . .      Spirit   .    (helmet restricted)
rPois   .          Reflect  .    (no amulet)
rElec   .          Harm     .    (no ring)
rCorr   .          Rampage  .    (no ring)
Will    .....                    (no ring)
Stlth   ++++......               (no ring)
HPRegen 0.25/turn                (no ring)
MPRegen 0.09/turn                (no ring)
                                 (no ring)
                                 (no ring)

@: drained
A: almost no armour, amphibious, 8 rings, camouflage 1, gelatinous body 1,
(nimble swimmer 1), tentacles
a: no special abilities


You were on level 4 of the Dungeon.
You visited 1 branch of the dungeon, and saw 4 of its levels.

You collected 233 gold pieces.

Inventory:

Hand Weapons
 a - a +2 dagger (weapon)
Missiles
 b - 9 poisoned darts (quivered)
 c - 3 curare-tipped darts
 l - 4 javelins
 t - 3 boomerangs
Wands
 p - a wand of mindburst (6)
 s - a wand of roots (7)
Scrolls
 d - a scroll of poison {unknown}
 e - a scroll of immolation {unknown}
 f - a scroll of brand weapon {unknown}
 i - 3 scrolls of blinking {unknown}
 j - 2 scrolls of butterflies {unknown}
 m - a scroll of identify {unknown}
 o - a scroll of summoning {unknown}
 r - a scroll of amnesia {unknown}
Potions
 g - 2 potions of ambrosia {unknown}
 h - a potion of lignification {unknown}
 k - 2 potions of curing {unknown}
 n - a potion of cancellation {unknown}
 q - a potion of heal wounds {unknown}


   Skills:
 + Level 3.2 Fighting
 - Level 2.0 Short Blades
 + Level 3.2 Throwing
 + Level 2.6 Dodging
 + Level 6.6 Stealth


You had 4 spell levels left.
You didn't know any spells.
Your spell library contained the following spells:

 Spells                   Type           Power      Damage    Failure   Level
 Call Canine Familiar     Summ           0%         N/A       63%         3
 Portal Projectile        Hex/Tloc       0%         N/A       63%         3
 Leda's Liquefaction      Hex/Erth       0%         N/A       95%         4


Dungeon Overview and Level Annotations

Branches:
Dungeon (4/15)
 Temple: D:4-7

Altars:
Cheibriados
Kikubaaqudgha
The Shining One


Innate Abilities, Weirdness & Mutations

You cannot wear most types of armour.
You are amphibious.
You can wear up to eight rings at the same time.
Your skin changes colour to match your surroundings (Stealth+).
Your rubbery body absorbs attacks. (AC +1, EV +1)
((You are camouflaged when in or above water. (Stealth+)))
You have tentacles for arms and can constrict up to eight enemies at once.


Message History

The orc closely misses you.
You barely miss the orc.
The orc is heavily wounded.
You constrict the orc.
You kill the orc!
No target in view!
No target in view!
No target in view!
No target in view!
Items here: )) [[ †.
t - 3 boomerangs
Things that are here:
a +2 hand axe of freezing; an orc corpse
Items here: )) [[ †.
You now have 233 gold pieces (gained 15).
HP restored.
Found a stone staircase leading down.
No target in view!
A hobgoblin comes into view.
Found 10 gold pieces.
The hobgoblin shouts!
A hobgoblin is nearby!
A hobgoblin is nearby!
A wight comes into view.
It is wielding a +3 scimitar of freezing and wearing a +0 robe of positive energy. 2 wights come into view.
The hobgoblin hits you.
The wight moves out of view.
You hit the hobgoblin. You grab the hobgoblin.
Your squeeze misses the hobgoblin.
The hobgoblin is almost dead.
You constrict the hobgoblin.
You kill the hobgoblin!
You hit the wight but do no damage. Your grab misses the wight.
The wight closely misses you.
You hit the wight. Your grab misses the wight.
The wight is lightly damaged.
The wight hits you with a +3 scimitar of freezing!
You feel drained. The wight freezes you.
The wight hits you with a +0 battleaxe!
Ouch! That really hurt!
You die...

#.#.......#
#......##########
#.#.##.###......#####
#.#.##...............
#.#.######......#####
#...#....#......#
###!.....#......#
#......#......#
#.@†...#......#
#zz....#......#
#z##.########## $.#
..# .... #... ..##
#### ... ....


You could see 3 wights.

Vanquished Creatures
  Ijyb (D:3)
  5 adders
  A white imp (D:3)
  A worm (D:3)
  2 dart slugs
  4 orcs (D:4)
  9 endoplasms
  4 giant cockroaches
  14 goblins
  10 hobgoblins
  6 jackals
  A quokka (D:2)
  6 ball pythons
  5 bats
  8 frilled lizards
  2 goblin zombies (D:3)
  4 hobgoblin zombies (D:3)
  3 kobolds
  A kobold zombie (D:3)
  An orc skeleton (D:3)
  An orc zombie (D:3)
  4 rats
93 creatures vanquished.

Notes
Turn   | Place    | Note
-------+----------+-------------------------------------------
     0 | D:1      | mopl the Octopode Brigand began the quest for the Orb.
     0 | D:1      | Reached XP level 1. HP: 14/14 MP: 1/1
   128 | D:1      | Found a faded altar of an unknown god.
   195 | D:1      | Upgraded the game from 0.30-a0-304-gdc4b735fe1 to
                  | 0.30-a0-305-g026cb31310
   208 | D:1      | Reached XP level 2. HP: 19/19 MP: 2/2
   292 | D:1      | Reached XP level 3. HP: 23/25 MP: 3/3
   734 | D:2      | Reached skill level 6 in Stealth
   751 | D:2      | Reached skill level 2 in Dodging
   751 | D:2      | Reached XP level 4. HP: 30/30 MP: 4/4
  1068 | D:3      | Found a glowing golden altar of the Shining One.
  1285 | D:3      | Noticed Ijyb
  1288 | D:3      | Reached XP level 5. HP: 22/36 MP: 5/5
  1290 | D:3      | Killed Ijyb
  1291 | D:3      | Reached skill level 3 in Fighting
  1291 | D:3      | Reached skill level 3 in Throwing
  1498 | D:3      | Found a snail-covered altar of Cheibriados.
  1617 | D:3      | Found an ancient bone altar of Kikubaaqudgha.
  1880 | D:4      | Slain by a wight

Illustrated notes

Levels and vault maps discovered:
D:1:      onia_arrival_pentagram, layout_basic,
          shapermc_ecumenical_altar_hornbeckon
D:2:      layout_rooms, minmay_misc_feat_five
D:3:      layout_rooms, mainiacjoe_overflow_alcove_2,
          nicolae_tso_besieged_by_evil, mainiacjoe_overflow_alcove_1,
          st_stairs_2, uniq_ijyb
D:4:      layout_basic

Skill      XL: |  1  2  3  4  5 |
---------------+----------------+-----
Stealth        | 6 |  6.6
Dodging        | 2 |  2.6
Fighting       | 3 |  3.2
Throwing       | 3 |  3.2
Short Blades   | |  2.0

Action                   |  1- 3 |  4- 6 || total
-------------------------+-------+-------++-------
Melee: Dagger            |    85 |    97 ||   182
       Constrict         |    17 |    22 ||    39
       Tentacles         |    13 |    15 ||    28
Evoke: Wand              |       |     3 ||     3
 Stab: Sleeping          |    13 |    13 ||    26
       Distracted        |     1 |       ||     1
Armor: Skin              |    10 |     6 ||    16
Dodge: Dodged            |    38 |    42 ||    80

Table legend: (Time is in decaauts)
 A = Elapsed time spent in this place.
 B = Non-inter-level travel time spent in this place.
 C = Inter-level travel time spent in this place.
 D = Time resting spent in this place.
 E = Time spent auto-exploring this place.
 F = Levels seen in this place.
 G = Mean time per level.
                   A        B        C        D        E       F      G
               +--------+--------+--------+--------+--------+-----+--------+
         Total |   1861 |   1803 |     58 |     76 |   1249 |   4 |  465.2 |
       Dungeon |   1861 |   1803 |     58 |     76 |   1249 |   4 |  465.2 |
               +--------+--------+--------+--------+--------+-----+--------+

Top non-repeatable levels by time:
     D:3: 665 daAuts
     D:1: 573 daAuts
     D:2: 455 daAuts
     D:4: 166 daAuts
